 Dungeon Crawl Stone Soup version 0.17-a0-913-g36eb389 (webtiles) character file.

630 oplop the Ducker (level 7, -1/32 HPs)
             Began as a Spriggan Enchanter on May 4, 2015.
             Was a Believer of Okawaru.
             Shot with an arrow by a centaur (14 damage)
             ... on level 5 of the Dungeon.
             The game lasted 00:11:04 (5740 turns).

oplop the Ducker (Spriggan Enchanter)               Turns: 5740, Time: 00:11:04

Health: -1/32      AC:  3    Str:  4    XL:     7   Next: 24%
Magic:  6/16       EV: 21    Int: 19    God:    Okawaru [**....]
Gold:   268        SH:  0    Dex: 16    Spells: 4 memorised, 7 levels left

rFire  . . .     SeeInvis +     a - +1 dagger
rCold  . . .     Clarity  .     b - +1 robe
rNeg   . . .     SustAb   .     (shield restricted)
rPois  +         Gourm    .     (helmet restricted)
rElec  .         Spirit   .     (no cloak)
rCorr  .         Warding  .     (gloves unavailable)
rMut   .         Stasis   .     (boots unavailable)
MR     +....                    (no amulet)
Stlth  +++.......               (no ring)
                                q - ring of poison resistance

@: very quick, somewhat resistant to hostile enchantments, fairly stealthy
A: unfitting armour, see invisible, herbivore 3, speed 3, slow metabolism 2
a: Heroism, Renounce Religion


You were on level 5 of the Dungeon.
You worshipped Okawaru.
Okawaru was pleased with you.
You were not hungry.

You visited 1 branch of the dungeon, and saw 5 of its levels.

You collected 268 gold pieces.

Inventory:

Hand weapons
 a - a +1 dagger (weapon)
Armour
 b - a +1 robe (worn)
Jewellery
 g - an uncursed amulet of faith {unknown}
 q - a ring of poison resistance (left hand)
 v - an uncursed ring of protection from cold {unknown}
Magical devices
 B - a wand of draining (0)
Scrolls
 e - 3 scrolls of identify {unknown}
 f - 2 scrolls of recharging {unknown}
 i - a scroll of enchant weapon {unknown}
 j - 4 scrolls of remove curse {unknown}
 k - a scroll of immolation {unknown}
 l - a scroll of amnesia {unknown}
 n - a scroll of magic mapping
 p - a scroll of enchant armour {unknown}
 s - a scroll of noise {unknown}
 w - a scroll of teleportation {unknown}
 x - 2 scrolls of random uselessness {unknown}
 y - a scroll of fear {unknown}
 C - a scroll of fog {unknown}
Potions
 h - a potion of haste {unknown}
 m - 2 potions of agility {unknown}
 o - 2 potions of flight {unknown}
 r - a potion of magic {unknown}
 u - a potion of invisibility {unknown}
 z - a potion of ambrosia {unknown}
 A - a potion of curing {unknown}
 E - a potion of berserk rage {unknown}
Books
 c - a book of Maledictions

   Spells                             Type                      Level
   a - Corona                         Hexes                        1
   b - Ensorcelled Hibernation        Hexes/Ice                    2
   c - Confuse                        Hexes                        3
   d - Tukima's Dance                 Hexes                        3
   e - Dazzling Spray                 Conjuration/Hexes            3
Comestibles
 d - 4 bread rations
 t - a royal jelly
 D - a slice of pizza


   Skills:
 + Level 4.1 Short Blades
 + Level 6.3 Dodging
 - Level 4.4 Stealth
 + Level 5.3 Spellcasting
 + Level 6.0 Hexes


You had 7 spell levels left.
You knew the following spells:

 Your Spells              Type           Power        Failure   Level  Hunger
a - Corona                Hex            ####...      1%          1    None
b - Ensorcelled Hibernat  Hex/Ice        ###...       8%          2    None
c - Confuse               Hex            ####....     3%          3    ##.....
d - Tukima's Dance        Hex            ####....     3%          3    ##.....


Dungeon Overview and Level Annotations

Branches:
Dungeon (5/15)
 Temple: D:4-7

Altars:
Fedhas
Kikubaaqudgha
Makhleb
Nemelex Xobeh
Okawaru

Annotations:
D:2 Robin


Innate Abilities, Weirdness & Mutations

You are tiny and cannot use many weapons and most armour.
You have supernaturally acute eyesight.
You are a herbivore.
You cover ground extremely quickly.
You need consume almost no food.


Message History

The ogre barely resists.
The centaur completely misses you. The centaur misses you.
The ogre closely misses you.
Casting: Tukima's Dance
Confirm with . or Enter, or press ? or * to list all spells.
Aiming: Tukima's Dance
Press: ? - help, Shift-Dir - straight line, f/p - ogre
Aim: an ogre, wielding a giant club (chance 83%)
The giant club dances into the air!
The centaur closely misses you.
You hit the centaur.
The centaur is lightly wounded.
The centaur closely misses you. The ogre hits you!
The centaur hits you but does no damage.
Your giant club hits the ogre!!!
The ogre dies!
Okawaru accepts your kill.
Your Hexes skill increases to level 6!
There is an open door here.
A bat comes into view.
The centaur wields a shortbow.
The centaur shoots an arrow.
The arrow hits you!
You die...

###### ## #....# #.
#=...# +. #....# #.
#.c..# #. #.>..+ +.
#c...# ##### #.
####'###....b# . #.
#.....@....>.+..+ +..
#.######.....##.# ###
#.# #......##.#
#.#####.#....##.#
#.##.........##.#
#.#........ . #.#
#.#..._..#+####.######
#.#..................#
#.#..........##.####.##


You could see a centaur and a bat (sleeping).

Vanquished Creatures
  An ogre (D:3)
  2 centaurs (D:5)
  A scorpion (D:5)
  An iguana (D:5)
  An orc wizard (D:4)
  2 worker ants
  3 gnolls (D:5)
  A river rat (D:3)
  2 adders
  11 orcs
  4 ball pythons
  3 bat skeletons (D:5)
  A bat zombie (D:5)
  7 giant cockroaches
  11 hobgoblins
  11 jackals
  2 kobolds
  A ball python skeleton (D:5)
  13 bats
  2 giant geckos (D:2)
  3 giant newts
  10 goblins
  2 quokkas
  15 rats
110 creatures vanquished.

Vanquished Creatures (collateral kills)
  An ogre (D:5)
  A gnoll shaman (D:5)
  An orc wizard (D:3)
  6 orcs
  A rat (D:5)
10 creatures vanquished.

Grand Total: 120 creatures vanquished

Notes
Turn   | Place    | Note
--------------------------------------------------------------
     0 | D:1      | oplop, the Spriggan Enchanter, began the quest for the Orb.
     0 | D:1      | Reached XP level 1. HP: 9/9 MP: 5/5
   445 | D:1      | Reached XP level 2. HP: 8/13 MP: 4/7
  1552 | D:2      | Found a blossoming altar of Fedhas.
  1817 | D:2      | Learned a level 2 spell: Ensorcelled Hibernation
  1933 | D:2      | Reached XP level 3. HP: 7/16 MP: 6/8
  2313 | D:2      | Noticed Robin
  2454 | D:3      | Learned a level 3 spell: Confuse
  2467 | D:3      | Noticed an ogre
  2705 | D:2      | Found an iron altar of Okawaru.
  2763 | D:2      | Became a worshipper of Warmaster Okawaru
  3224 | D:3      | Found a glowing drain.
  3247 | D:3      | Reached XP level 4. HP: 10/21 MP: 0/10
  3407 | D:3      | Learned a level 3 spell: Tukima's Dance
  3505 | D:3      | Found an ancient bone altar of Kikubaaqudgha.
  3748 | D:3      | Killed an ogre
  3748 | D:3      | Reached XP level 5. HP: 9/24 MP: 0/12
  4065 | D:3      | Acquired Okawaru's first power
  4492 | D:4      | Reached skill level 5 in Hexes
  4591 | D:4      | Reached skill level 5 in Dodging
  5308 | D:5      | Entered Level 5 of the Dungeon
  5336 | D:5      | Reached XP level 6. HP: 28/28 MP: 9/13
  5354 | D:5      | Noticed a centaur
  5377 | D:5      | Killed a centaur
  5483 | D:5      | Reached skill level 5 in Spellcasting
  5502 | D:5      | Reached skill level 6 in Dodging
  5545 | D:5      | Found a sparkling altar of Nemelex Xobeh.
  5566 | D:5      | Noticed a centaur
  5573 | D:5      | Killed a centaur
  5573 | D:5      | Reached XP level 7. HP: 24/32 MP: 15/15
  5696 | D:5      | Found a burning altar of Makhleb.
  5725 | D:5      | Noticed an ogre
  5725 | D:5      | Noticed a centaur
  5735 | D:5      | Killed an ogre
  5740 | D:5      | Shot with an arrow by a centaur

Action                   |  1- 3 |  4- 6 |  7- 9 || total
-------------------------+-------+-------+-------++-------
Melee: Dagger            |   169 |   168 |    22 ||   359
 Cast: Corona            |    18 |     2 |       ||    20
       Ensorcelled Hiber |    23 |    10 |     3 ||    36
       Confuse           |     1 |     6 |     1 ||     8
       Tukima's Dance    |       |    12 |     3 ||    15
Evoke: Wand              |       |     2 |       ||     2
  Use: Scroll            |     1 |       |       ||     1
 Stab: Sleeping          |    25 |    14 |     3 ||    42
       Confused          |       |     4 |       ||     4
       Distracted        |       |     1 |       ||     1
  Eat: Bread ration      |       |     1 |       ||     1
